 Dungeon Crawl Stone Soup version 0.27-a0-320-g81d27af2d4 (webtiles) character file.

Game seed: 9849575329335544960

3376 wakim the Tainter (level 9, 0/50 HPs)
             Began as a Deep Elf Venom Mage on Feb 10, 2021.
             Was a Believer of Vehumet.
             Slain by a wyvern zombie (14 damage)
             ... on level 7 of the Dungeon.
             The game lasted 00:41:00 (8187 turns).

wakim the Tainter (Deep Elf Venom Mage)             Turns: 8187, Time: 00:41:00

Health: 0/50       AC:  6    Str:  7    XL:     9   Next: 74%
Magic:  15/22      EV: 17    Int: 22    God:    Vehumet [**....]
Gold:   299        SH:  6    Dex: 21    Spells: 7/22 levels left

rFire    . . .     SeeInvis .   m - staff of poison
rCold    . . .     Faith    .   A - +0 buckler
rNeg     . . .     Spirit   .   a - +0 robe
rPois    +         Reflect  .   (no helmet)
rElec    .         Harm     .   y - +2 cloak
rCorr    .         Rampage  .   z - +0 pair of gloves
Will     .....                  (no boots)
Stlth    +++.......             (no amulet)
HPRegen  0.16/turn              x - +6 ring of dexterity
MPRegen  0.18/turn              (no ring)

@: no status effects
A: no striking features
a: Renounce Religion


You were on level 7 of the Dungeon.
You worshipped Vehumet.
Vehumet was pleased with you.
You visited 1 branch of the dungeon, and saw 7 of its levels.

You collected 357 gold pieces.
You spent 58 gold pieces at shops.

Inventory:

Missiles
 r - 3 atropa-tipped darts
Armour
 a - a +0 robe (worn)
 y - a +2 cloak (worn)
 z - a +0 pair of gloves (worn)
 A - a +0 buckler (worn)
Magical Staves
 m - a staff of poison (weapon)
Jewellery
 x - a +6 ring of dexterity (left hand)
Wands
 p - a wand of digging (5)
Scrolls
 c - 6 scrolls of identify {unknown}
 e - a scroll of random uselessness {unknown}
 g - a scroll of enchant armour {unknown}
 h - 4 scrolls of blinking {unknown}
 i - 2 scrolls of magic mapping {unknown}
 k - a scroll of fear {unknown}
 l - 2 scrolls of enchant weapon {unknown}
 n - 2 scrolls of fog {unknown}
 o - a scroll of immolation {unknown}
 s - 6 scrolls of teleportation {unknown}
 t - 2 scrolls of amnesia {unknown}
Potions
 b - a potion of brilliance {unknown}
 d - a potion of degeneration {unknown}
 f - 4 potions of heal wounds {unknown}
 j - a potion of berserk rage {unknown}
 q - 3 potions of curing {unknown}
 u - a potion of flight {unknown}
 v - a potion of lignification {unknown}
 w - a potion of mutation {unknown}
 B - a potion of attraction {unknown}


   Skills:
 + Level 3.1 Fighting
 + Level 3.6 Staves
 - Level 5.7 Dodging
 - Level 3.0 Stealth
 - Level 4.0 Shields
 - Level 7.4 Spellcasting
 + Level 1.7 Conjurations
 - Level 3.0 Transmutations
 + Level 1.9 Fire Magic
 - Level 9.0 Poison Magic
 - Level 4.0 Evocations


You had 7 spell levels left.
You knew the following spells:

 Your Spells              Type           Power        Failure   Level
a - Foxfire               Conj/Fire      64%          3%          1
b - Poisonous Vapours     Pois/Air       82%          1%          2
c - Ignite Poison         Fire/Tmut/Pois 42%          3%          3
d - Olgreb's Toxic Radia  Pois           64%          1%          4
e - Mephitic Cloud        Conj/Pois/Air  35%          5%          3
f - Sting                 Tmut/Pois      100%         1%          1
g - Magic Dart            Conj           64%          3%          1

Your spell library contained the following spells:

 Spells                   Type           Power        Failure   Level


Dungeon Overview and Level Annotations

Branches:
Dungeon (7/15)
 Temple: D:4-7

Altars:
Ashenzari
Fedhas
Gozag
Nemelex Xobeh
Trog
Vehumet
Zin

Shops:
D:2 *   D:5 [


Message History

Casting: Foxfire (safe; 3% risk of failure)
Confirm with . or Enter, or press ? or * to list all spells.
You conjure some foxfire!
The wyvern zombie closely misses you.
Casting: Foxfire (safe; 3% risk of failure)
Confirm with . or Enter, or press ? or * to list all spells.
You conjure some foxfire!
The foxfire hits the wyvern zombie.
The wyvern zombie is heavily damaged.
The foxfire hits the wyvern zombie.
The wyvern zombie is heavily damaged.
The wyvern zombie barely misses you.
Casting: Foxfire (safe; 3% risk of failure)
Confirm with . or Enter, or press ? or * to list all spells.
You conjure some foxfire!
The foxfire hits the wyvern zombie.
The wyvern zombie is heavily damaged.
The foxfire hits the wyvern zombie but does no damage.
The wyvern zombie is heavily damaged.
The wyvern zombie bites you!
* * * LOW HITPOINT WARNING * * *
The wyvern zombie closely misses you.
Casting: Foxfire (safe; 3% risk of failure)
Confirm with . or Enter, or press ? or * to list all spells.
You conjure some foxfire!
The foxfire hits the wyvern zombie.
The wyvern zombie is severely damaged.
The foxfire hits the wyvern zombie but does no damage.
The wyvern zombie is severely damaged.
You block the wyvern zombie's attack.
Your foxfire dissipates!
The foxfire hits the wyvern zombie.
The wyvern zombie is severely damaged.
The wyvern zombie closely misses you. You block the wyvern zombie's attack.
Found 14 gold pieces.
You block the wyvern zombie's attack. The wyvern zombie bites you!
* * * LOW HITPOINT WARNING * * *
You block the wyvern zombie's attack. The wyvern zombie closely misses you.
The wyvern zombie completely misses you.
The wyvern zombie bites you!
You die...

#.....<...## #..........#
# #..........###### ..
#...............##### ...
######.########.....##....
#..###########.......
#######
##..#...........#....
......# ##........######
... ......# #.@.......# ..
......#########.Z.......#
.
........................#
......#########.........#
<...†.# #.........##
###...### ##..........
###...## #...).......
###..## #.....(..... ##..#
###...........


You could see a wyvern zombie.

Vanquished Creatures
  Pikel (D:6)
  A troll (D:6)
  Edmund (D:5)
  An orc warrior (D:6)
  2 sky beasts
  An eye of draining (D:6)
  An ice beast (D:7)
  4 ogres
  3 centaurs
  3 necrophages (D:6)
  3 lemures (D:6)
  A bullfrog (D:7)
  A gnoll sergeant (D:6)
  A scorpion (D:2)
  5 killer bees (D:7)
  A bullfrog zombie (D:6)
  2 centaur zombies (D:6)
  3 orc priests (D:5)
  A jelly (D:6)
  4 hounds
  Crazy Yiuf (D:5)
  3 iguanas
  An orc wizard (D:5)
  5 worker ants
  3 hound zombies (D:6)
  9 adders
  10 gnolls
  2 shadow imps
  A white imp (D:7)
  2 ufetubi
  An ooze (D:1)
  An adder skeleton (D:4)
  5 worms
  A dart slug (D:1)
  5 leopard geckos
  4 orcs
  4 ball pythons
  6 giant cockroaches
  6 hobgoblins
  8 jackals
  3 quokkas
  2 bats (D:1)
  6 frilled lizards
  5 goblins
  9 kobolds
  A quokka skeleton (D:7)
  A quokka zombie (D:6)
  6 rats
151 creatures vanquished.

Vanquished Creatures (collateral kills)
  A foxfire (D:6)
1 creature vanquished.

Vanquished Creatures (others)
  3 bushes (D:6)
  136 foxfires
  13 plants (D:6)
152 creatures vanquished.

Grand Total: 304 creatures vanquished

Notes
Turn   | Place    | Note
-------+----------+-------------------------------------------
     0 | D:1      | wakim the Deep Elf Venom Mage began the quest for the Orb.
     0 | D:1      | Reached XP level 1. HP: 10/10 MP: 6/6
   330 | D:1      | Reached XP level 2. HP: 15/15 MP: 6/8
   737 | D:1      | Reached XP level 3. HP: 19/19 MP: 6/9
   943 | D:1      | Learned a level 2 spell: Poisonous Vapours
   947 | D:1      | Learned a level 3 spell: Ignite Poison
  1269 | D:2      | Reached XP level 4. HP: 23/24 MP: 9/11
  1277 | D:2      | Found a sparkling altar of Nemelex Xobeh.
  1301 | D:2      | Reached skill level 4 in Poison Magic
  1360 | D:2      | Found Zin's Purification Station.
  1360 | D:2      | Found a glowing silver altar of Zin.
  1815 | D:2      | Reached XP level 5. HP: 28/28 MP: 11/13
  1951 | D:2      | Found an opulent altar of Gozag.
  2056 | D:2      | You fall into a shaft and drop 1 floor!
  2071 | D:3      | Learned a level 4 spell: Olgreb's Toxic Radiance
  2439 | D:3      | Found a radiant altar of Vehumet.
  2509 | D:3      | Became a worshipper of Vehumet
  3353 | D:4      | Found a bloodstained altar of Trog.
  3390 | D:4      | Found a bloodstained altar of Trog.
  3394 | D:4      | Noticed an ogre
  3402 | D:4      | Killed an ogre
  3403 | D:4      | Reached skill level 5 in Poison Magic
  3403 | D:4      | Reached XP level 6. HP: 32/32 MP: 6/14
  4332 | D:4      | Reached skill level 5 in Spellcasting
  4437 | D:5      | Entered Level 5 of the Dungeon
  4556 | D:5      | Found Tesuid's Armour Shop.
  4715 | D:5      | Noticed Edmund
  4719 | D:5      | Killed Edmund
  4720 | D:5      | Reached skill level 5 in Dodging
  4720 | D:5      | Reached skill level 6 in Poison Magic
  4720 | D:5      | Reached XP level 7. HP: 36/36 MP: 8/17
  4804 | D:5      | Reached * piety under Vehumet
  4804 | D:5      | Offered knowledge of Foxfire by Vehumet.
  4892 | D:5      | Found a broken altar of Ashenzari.
  5144 | D:5      | Found a runed translucent door.
  5145 | D:5      | Noticed Crazy Yiuf
  5151 | D:5      | Killed Crazy Yiuf
  5420 | D:5      | Learned a level 3 spell: Mephitic Cloud
  5553 | D:6      | Reached skill level 7 in Poison Magic
  5553 | D:6      | Reached skill level 1 in Evocations
  5762 | D:5      | Bought a +0 buckler for 58 gold pieces
  5929 | D:6      | Reached skill level 1 in Staves
  5929 | D:6      | Reached XP level 8. HP: 36/42 MP: 7/19
  6127 | D:6      | Reached skill level 1 in Fighting
  6186 | D:6      | Reached skill level 1 in Shields
  6631 | D:6      | Learned a level 1 spell: Foxfire
  6649 | D:6      | Noticed Pikel
  6656 | D:6      | Killed Pikel
  6657 | D:6      | Reached skill level 8 in Poison Magic
  6657 | D:6      | Reached XP level 9. HP: 48/48 MP: 12/21
  6762 | D:6      | Found a blossoming altar of Fedhas.
  6864 | D:6      | Noticed a troll
  6872 | D:6      | Killed a troll
  6986 | D:6      | Offered knowledge of Magic Dart by Vehumet.
  6989 | D:6      | Learned a level 1 spell: Magic Dart
  7182 | D:6      | Reached ** piety under Vehumet
  7919 | D:7      | Reached skill level 1 in Conjurations
  7919 | D:7      | Reached skill level 1 in Fire Magic
  8046 | D:7      | Reached skill level 9 in Poison Magic
  8187 | D:7      | Slain by a wyvern zombie

Illustrated notes

Levels and vault maps discovered:
D:1:      co_arrival_square_in_a_square_in_a_square, layout_basic
D:2:      layout_basic, nicolae_overflow_hidden_temple, zin_purify,
          nicolae_overflow_crystal_walls
D:3:      layout_basic, marbit_many_paths
D:4:      layout_basic, bloody_trog, lemuel_altar_in_water
D:5:      layout_basic, ashenzari_altar_1, serial_shops, shop_statue,
          uniq_crazy_yiuf_cottage, uniq_edmund
D:6:      cheibrodos_fzero, layout_basic, fedhas_altar_decomposition, uniq_pikel
D:7:      layout_rooms, minmay_temple_entry_hall

Skill      XL: |  1  2  3  4  5  6  7  8  9 |
---------------+----------------------------+-----
Stealth        | 3 |  3.0
Dodging        | 3 4 5 |  5.7
Transmutations | 2 3 |  3.0
Spellcasting   | 4 5 6 7 |  7.4
Poison Magic   | 4 5 6 7 8 9 |  9.0
Evocations     | 1 2 4 |  4.0
Staves         | 1 2 3 |  3.6
Fighting       | 2 3 |  3.1
Shields        | 2 4 |  4.0
Conjurations   | 1 |  1.7
Fire Magic     | 1 |  1.9

Action                   |  1- 3 |  4- 6 |  7- 9 || total
-------------------------+-------+-------+-------++-------
Melee: Staff             |       |    10 |    87 ||    97
 Cast: Sting             |    43 |    70 |    27 ||   140
       Ignite Poison     |     2 |     7 |    13 ||    22
       Olgreb's Toxic Ra |       |     8 |    14 ||    22
       Poisonous Vapours |       |     1 |    35 ||    36
       Foxfire           |       |       |    89 ||    89
Armor: Robe              |       |     1 |    31 ||    32
Dodge: Dodged            |    17 |    34 |   174 ||   225
Block: Buckler           |       |       |    65 ||    65

Table legend: (Time is in decaauts)
 A = Elapsed time spent in this place.
 B = Non-inter-level travel time spent in this place.
 C = Inter-level travel time spent in this place.
 D = Time resting spent in this place.
 E = Time spent auto-exploring this place.
 F = Levels seen in this place.
 G = Mean time per level.
                   A        B        C        D        E       F      G
               +--------+--------+--------+--------+--------+-----+--------+
         Total |   8201 |   7743 |    458 |   2183 |   3415 |   7 | 1171.6 |
       Dungeon |   8201 |   7743 |    458 |   2183 |   3415 |   7 | 1171.6 |
               +--------+--------+--------+--------+--------+-----+--------+

Top non-repeatable levels by time:
     D:6: 1929 daAuts
     D:2: 1410 daAuts
     D:5: 1220 daAuts
     D:4: 1163 daAuts
     D:3: 961 daAuts
     D:1: 948 daAuts
     D:7: 567 daAuts
